 Dungeon Crawl Stone Soup version 0.18.1-8-gdd0e5ea (webtiles) character file.

125 stauk the Conjurer (level 5, 28/28 HPs)
             Began as a Kobold Conjurer on May 22, 2016.
             Quit the game on level 4 of the Dungeon.
             The game lasted 00:24:17 (4009 turns).

stauk the Conjurer (Kobold Conjurer)                Turns: 4009, Time: 00:24:18

Health: 28/28      AC:  2    Str:  6    XL:     5   Next: 30%
Magic:  8/8        EV: 15    Int: 14    God:
Gold:   159        SH:  0    Dex: 17    Spells: 3 memorised, 2 levels left

rFire  . . .     SeeInvis .     f - +0 dagger
rCold  . . .     Gourm    .     a - +0 robe
rNeg   . . .     Faith    .     (shield restricted)
rPois  .         Spirit   .     (no helmet)
rElec  .         Dismiss  .     (no cloak)
rCorr  .         Reflect  .     (no gloves)
SustAt .         Harm     .     (no boots)
MR     .....                    l - amulet of rage
Stlth  +++.......               q - ring of wizardry
                                o - ring of stealth

@: not resistant to hostile enchantments, fairly stealthy
A: carnivore 3
a: Evoke Berserk Rage


You were on level 4 of the Dungeon.
You were completely stuffed.

You visited 1 branch of the dungeon, and saw 4 of its levels.

You collected 159 gold pieces.

Inventory:

Hand Weapons
 f - a +0 dagger (weapon)
 p - a +0 rapier
Armour
 a - a +0 robe (worn)
 t - a +2 chain mail of fire resistance
Jewellery
 h - an uncursed ring of see invisible
 l - an amulet of rage (around neck)
 o - a ring of stealth (left hand)
 q - a ring of wizardry (right hand)
Wands
 k - a wand of disintegration (12/24)
Scrolls
 e - 2 scrolls of remove curse
 g - a scroll of fear {unknown}
 j - 3 scrolls of identify {unknown}
 m - a scroll of fog {unknown}
 n - a scroll of recharging {unknown}
 s - a scroll of immolation {unknown}
 v - a scroll of magic mapping {unknown}
Potions
 d - a potion of curing {unknown}
 i - a potion of invisibility {unknown}
 r - a potion of cure mutation {unknown}
 x - a potion of beneficial mutation {unknown}
Books
 b - a book of Conjurations

   Spells                             Type                      Level
   a - Magic Dart                     Conjuration                  1
   b - Searing Ray                    Conjuration                  2
   c - Dazzling Spray                 Conjuration/Hexes            3
   d - Fulminant Prism                Conjuration/Hexes            4
   e - Iskenderun's Mystic Blast      Conjuration                  4
   f - Iskenderun's Battlesphere      Conjuration/Charms           5
Comestibles
 c - a meat ration
 w - a royal jelly


   Skills:
 - Level 2.4 Dodging
 - Level 2.6 Stealth
 * Level 2.6 Spellcasting
 * Level 5.1 Conjurations
 + Level 1.4 Evocations


You had 2 spell levels left.
You knew the following spells:

 Your Spells              Type           Power        Failure   Level  Hunger
a - Magic Dart            Conj           ###.         1%          1    #......
b - Searing Ray           Conj           ###...       1%          2    ###....
c - Iskenderun's Mystic   Conj           ###.....     12%         4    #####..


Dungeon Overview and Level Annotations

Branches:
Dungeon (4/15)
 Temple: D:4-7

Altars:


Innate Abilities, Weirdness & Mutations

You are small and have problems with some larger weapons.
You are carnivorous and can eat meat at any time.


Message History

Confirm with . or Enter, or press ? or * to list all spells.
Aiming: Magic Dart
Press: ? - help, Shift-Dir - straight line, f/p - ball python
Aim: a ball python The magic dart hits the ball python.
You kill the ball python!
You start resting.
Eating one of 2 chunks of flesh.
This raw flesh tastes great.
You continue eating. x2
Your magical contamination has completely faded away.
You start resting.
Magic restored.
There is an open door here.
Found a purple potion.
x - a purple potion All of the chunks of flesh in your inventory have rotted away.
You open the door.
Found a stone staircase leading down.
There is an open door here.
Are you sure you want to abandon this character and quit the game? (Confirm with "yes".)

#######
#############...>.#
#...........#.....#
#...........'@....#
###+###.##..#.....#
#...###.##..#######
#....#.........#
#....#.........#
#....#.........#
#....#.........#
#....'....(....#
#..###..###..###


There were no monsters in sight!

Vanquished Creatures
  Terence (D:2)
  2 adders
  An ooze (D:1)
  2 worms (D:3)
  2 dart slugs
  A giant gecko (D:2)
  3 ball pythons
  3 giant cockroaches
  10 goblins
  6 hobgoblins
  7 jackals
  7 kobolds
  3 quokkas
  9 bats
  4 giant newts
  2 rats
63 creatures vanquished.

Notes
Turn   | Place    | Note
--------------------------------------------------------------
     0 | D:1      | stauk the Kobold Conjurer began the quest for the Orb.
     0 | D:1      | Reached XP level 1. HP: 10/10 MP: 3/3
   187 | D:1      | Reached XP level 2. HP: 15/15 MP: 3/5
   194 | D:1      | Reached skill level 4 in Conjurations
   272 | D:1      | Learned a level 2 spell: Searing Ray
   820 | D:1      | Reached XP level 3. HP: 19/19 MP: 2/6
  2113 | D:2      | Reached XP level 4. HP: 19/24 MP: 4/7
  2632 | D:2      | Learned a level 4 spell: Iskenderun's Mystic Blast
  2663 | D:3      | Noticed Terence
  3086 | D:2      | Killed Terence
  3086 | D:2      | Reached skill level 1 in Evocations
  3185 | D:3      | Found a faded altar to an unknown god.
  3336 | D:3      | Reached skill level 5 in Conjurations
  3484 | D:3      | Reached XP level 5. HP: 28/28 MP: 1/8
  4009 | D:4      | Quit the game

Skill      XL: |  1  2  3  4 |
---------------+-------------+-----
Conjurations   | 4 5 |  5.1
Evocations     | 1 |  1.4
Dodging        | |  2.4
Stealth        | |  2.6
Spellcasting   | |  2.6

Action                   |  1- 3 |  4- 6 || total
-------------------------+-------+-------++-------
Melee: Unarmed           |     1 |       ||     1
       Dagger            |    19 |    27 ||    46
 Cast: Magic Dart        |    66 |    44 ||   110
       Searing Ray       |     9 |     9 ||    18
       Iskenderun's Myst |       |     3 ||     3
 Abil: Evoke Berserk Rag |       |     1 ||     1
  Use: Scroll            |       |     1 ||     1
  Eat: Chunk             |    14 |     9 ||    23
Armor: Robe              |     3 |     5 ||     8
Dodge: Dodged            |    30 |    50 ||    80
